Map: Newkirk Precinct TE (Void)

Players

puCK (Nina)

  • Race: Protoss Protoss
  • Spawn Location: 7:00

uThermal - Winner!

  • Race: Terran Terran
  • Spawn Location: 5:00

Event: WCS Austin 2017

VOD

Have the link to the VOD?

Description

Time

  • Played on: April 28, 2017, 8:17 p.m.
  • Length: 17:55

All games in this series

Show
View Real Time Build Order
Export as new Build Order

puCK Protoss 

Build Orders: 1 Gate Expand 

Get SALT Encoding   

  12  0:00  Probe (Chrono Boost)  
  13  0:11  Probe (Chrono Boost)  
  14  0:20  Pylon  
  14  0:22  Probe (Chrono Boost)  
  15  0:38  Probe (Chrono Boost)  
  15  0:39  Gateway  
  16  0:43  Assimilator  
  16  0:48  Probe (Chrono Boost)  
  17  0:59  Probe (Chrono Boost)  
  18  1:09  Probe (Chrono Boost)  
  19  1:20  Probe (Chrono Boost)  
  20  1:29  Nexus  
  20  1:40  Cybernetics Core  
  20  1:42  Probe (Chrono Boost)  
  21  1:47  Assimilator  
  21  1:53  Probe (Chrono Boost)  
  22  1:58  Pylon  
  22  2:03  Probe (Chrono Boost)  
  23  2:15  Stalker  
  23  2:17  Mothership Core (Chrono Boost)  
  23  2:19  Warp Gate  
  27  2:36  Probe (Chrono Boost)  
  28  2:41  Stalker  
  28  2:42  Probe (Chrono Boost)  
  29  2:46  Robotics Facility  
  29  2:50  Probe (Chrono Boost)  
  32  2:53  Probe (Chrono Boost)  
  33  3:02  Probe (Chrono Boost)  
  33  3:04  Probe (Chrono Boost)  
  35  3:08  Stalker  
  38  3:14  Assimilator, Probe (Chrono Boost)  
  38  3:17  Probe (Chrono Boost)  
  39  3:24  Pylon  
  39  3:26  Probe (Chrono Boost)  
  40  3:32  Probe (Chrono Boost)  
  40  3:37  Pylon  
  40  3:40  Probe (Chrono Boost), Pylon  
  41  3:42  Pylon  
  40  3:50  Observer, Probe (Chrono Boost)  
  43  3:56  Probe (Chrono Boost)  
  43  3:58  Pylon  
  43  4:01  Probe (Chrono Boost)  
  44  4:06  Robotics Bay  
  44  4:08  Probe (Chrono Boost)  
  45  4:11  Observer, Probe (Chrono Boost)  
  47  4:20  Probe (Chrono Boost), Gateway  
  47  4:21  Gateway  
  47  4:22  Probe (Chrono Boost)  
  49  4:26  Stalker  
  49  4:31  Warp Prism  
  52  4:32  Probe (Chrono Boost)  
  54  4:39  Probe (Chrono Boost)  
  54  4:44  Probe (Chrono Boost)  
  56  4:48  Twilight Council  
  56  4:49  Gravitic Drive, Probe (Chrono Boost)  
  56  4:52  Stalker  
  59  5:01  Assimilator  
  59  5:02  Disruptor  
  60  5:07  Probe (Chrono Boost)  
  60  5:12  Blink  
  59  5:20  Probe (Chrono Boost)  
  57  5:24  Probe (Chrono Boost)  
  58  5:31  Stalker  
  58  5:32  Probe (Chrono Boost)  
  62  5:36  Probe (Chrono Boost)  
  63  5:44  Disruptor, Probe (Chrono Boost)  
  63  5:47  Gateway  
  63  5:48  Probe (Chrono Boost)  
  63  5:49  Gateway  
  67  5:56  Gateway  
  67  6:00  Probe (Chrono Boost)  
  67  6:02  Stalker  
  70  6:06  Pylon  
  70  6:10  Pylon  
  68  6:20  Probe (Chrono Boost)  
  68  6:22  Probe (Chrono Boost)  
  69  6:30  Stalker x3  
  75  6:45  Pylon  
  76  6:48  Probe (Chrono Boost)  
  76  6:49  Probe (Chrono Boost)  
  76  6:52  Pylon, Stalker x2  
  76  6:53  Stalker  
  83  6:54  Stalker  
  85  7:05  Disruptor  
  88  7:17  Stalker x4  
  88  7:21  Stalker  
  98  7:44  Pylon  
  98  7:47  Pylon  
  96  8:00  Stalker x3  
  96  8:03  Stalker x3  
  108  8:11  Pylon  
  89  8:32  Stalker x3  
  89  8:34  Disruptor  
  93  8:35  Stalker x2  
  93  8:36  Stalker  
  102  8:41  Pylon  
  102  8:43  Pylon  
  98  9:02  Stalker x2  
  98  9:03  Stalker x3  
  98  9:04  Stalker  
  100  9:28  Stalker  
  100  9:29  Stalker x4  
  92  9:43  Nexus  
  88  10:05  Disruptor  
  91  10:13  Pylon  
  91  10:15  Pylon  
  91  10:17  Stalker  
  91  10:18  Stalker x3  
  99  10:32  Probe (Chrono Boost)  
  99  10:33  Probe (Chrono Boost)  
  100  10:40  Disruptor  
  100  10:42  Dark Shrine  
  103  10:45  Probe (Chrono Boost)  
  87  11:04  Stalker  
  87  11:05  Stalker x3  
  87  11:08  Probe (Chrono Boost)  
  87  11:11  Probe x2 (Chrono Boost)  
  98  11:17  Forge  
  98  11:20  Probe (Chrono Boost)  
  99  11:28  Probe (Chrono Boost)  
  99  11:37  Observer, Stalker x3  
  99  11:38  Stalker x2  
  110  11:43  Probe (Chrono Boost), Pylon  
  110  11:45  Pylon  
  111  11:55  Stalker, Protoss Ground Armor Level 1  
  111  11:59  Disruptor  
  113  12:01  Photon Cannon  
  113  12:06  Assimilator x2  
  116  12:11  Dark Templar  
  116  12:12  Dark Templar  
  120  12:20  Dark Templar  
  122  12:26  Pylon  
  122  12:30  Disruptor  
  124  12:40  Photon Cannon  
  124  12:43  Stalker  
  124  12:44  Stalker x2  
  128  13:01  Disruptor, Stalker x3  
  109  13:21  Stalker x2  
  109  13:22  Stalker  
  114  13:32  Disruptor  
  113  13:35  Nexus  
  110  13:48  Stalker x2  
  110  13:49  Stalker x3  
  113  14:00  Dark Templar  
  95  14:12  Disruptor  
  93  14:24  Dark Templar  
  93  14:47  Dark Templar x2  
  90  15:15  Zealot  
  90  15:16  Zealot x2  
  95  15:23  Zealot  
  96  16:10  Nexus  
  86  16:30  Zealot x3  
  86  16:31  Zealot  
  54  17:07  Stalker x2  
Show
View Real Time Build Order
Export as new Build Order

uThermal Terran - Winner!

Build Orders: MMM Bio 

Get SALT Encoding   

  12  0:01  SCV  
  13  0:13  SCV  
  14  0:17  Supply Depot  
  14  0:25  SCV  
  15  0:28  Refinery  
  15  0:39  SCV  
  16  0:45  Barracks  
  16  0:51  SCV  
  17  1:03  SCV  
  18  1:15  SCV  
  19  1:32  Reaper, Orbital Command  
  20  1:44  Command Center  
  20  1:54  Factory  
  20  1:58  SCV  
  21  2:06  Barracks Reactor  
  21  2:10  SCV  
  22  2:15  Supply Depot  
  22  2:17  Refinery  
  22  2:23  SCV  
  23  2:37  SCV  
  23  2:42  Starport  
  24  2:49  Hellion x2, Marine, SCV  
  30  2:57  Orbital Command  
  30  3:01  SCV  
  31  3:09  Widow Mine  
  31  3:12  Widow Mine  
  35  3:13  SCV  
  35  3:19  Medivac  
  38  3:22  SCV  
  38  3:25  SCV  
  39  3:35  SCV  
  39  3:37  SCV  
  41  3:47  Widow Mine x2, SCV  
  45  3:50  SCV  
  45  3:53  Medivac  
  45  3:54  Barracks Tech Lab  
  44  3:59  SCV  
  44  4:02  Supply Depot, Barracks, SCV  
  46  4:08  Barracks  
  46  4:13  Stimpack  
  46  4:21  Bunker  
  46  4:23  Marine, SCV x2  
  49  4:27  Factory Reactor, Starport Tech Lab  
  49  4:30  Supply Depot  
  49  4:35  SCV x2  
  51  4:41  Marine  
  51  4:43  Refinery  
  51  4:45  Engineering Bay  
  52  4:47  SCV x2  
  54  4:56  Marine x2  
  54  4:58  Starport Reactor  
  54  4:59  SCV x2  
  58  5:01  Supply Depot, Combat Shields  
  60  5:07  Marauder  
  60  5:12  SCV x2  
  60  5:23  Marine x2  
  60  5:24  Marauder, SCV x2  
  66  5:28  Terran Infantry Weapons Level 1  
  66  5:29  Supply Depot  
  66  5:35  Widow Mine x2  
  66  5:38  Supply Depot  
  70  5:47  Supply Depot  
  70  5:50  Medivac, Marine x3, SCV  
  70  5:51  Marauder  
  70  5:52  Supply Depot  
  78  5:58  SCV  
  78  6:02  SCV  
  78  6:05  Missile Turret  
  78  6:06  Missile Turret  
  78  6:07  Widow Mine  
  78  6:08  Widow Mine, Marine x2  
  78  6:10  SCV  
  85  6:12  Marauder  
  85  6:14  SCV  
  85  6:15  Marine  
  85  6:21  Concussive Shells  
  85  6:22  SCV  
  84  6:26  Marauder  
  84  6:27  SCV  
  84  6:28  Marine  
  84  6:31  Medivac  
  90  6:34  Refinery, SCV  
  90  6:37  Command Center  
  90  6:39  SCV  
  92  6:45  Marauder, Marine  
  92  6:46  Marine  
  94  6:47  Supply Depot  
  94  6:48  Marauder  
  94  6:50  Factory Tech Lab  
  92  7:03  Marine x2  
  92  7:07  SCV  
  97  7:09  Medivac, Marauder  
  97  7:10  Medivac  
  96  7:15  Barracks  
  96  7:16  Siege Tank  
  96  7:17  Barracks  
  96  7:22  Marine, SCV  
  97  7:23  Supply Depot, Terran Infantry Armor Level 1  
  97  7:27  Marine  
  97  7:28  Marauder  
  93  7:30  Command Center  
  93  7:40  Marauder, Marine  
  96  7:45  SCV  
  96  7:48  Siege Tank  
  100  7:58  Marine  
  100  7:59  Marauder  
  100  8:01  Supply Depot x2  
  100  8:03  Barracks Reactor, Barracks Tech Lab  
  100  8:05  Marauder, Marine  
  105  8:16  Marine  
  95  8:20  Marauder  
  95  8:22  Marine, Siege Tank  
  95  8:23  Marine  
  86  8:27  Marine  
  86  8:34  SCV x2  
  84  8:35  Marine  
  84  8:40  Marauder  
  87  8:44  Orbital Command  
  87  8:45  Marine  
  87  8:46  Marine  
  89  8:49  Marine x2  
  89  8:51  Marine  
  89  8:53  Marine  
  88  9:02  Marauder  
  83  9:03  Siege Tank, Marine  
  83  9:04  Marine  
  83  9:06  Marine  
  83  9:08  Marauder, Marine  
  92  9:11  Marine  
  92  9:14  SCV  
  92  9:15  SCV  
  95  9:18  SCV  
  95  9:20  Marine  
  88  9:25  Marauder, Marine  
  88  9:26  SCV  
  88  9:27  SCV  
  88  9:30  SCV  
  91  9:32  Marine  
  91  9:37  Marine  
  91  9:38  Marauder  
  95  9:39  SCV  
  95  9:40  Marine x2  
  95  9:42  SCV  
  95  9:43  Marine  
  100  9:47  Marauder, Siege Tank  
  103  9:53  Marine  
  103  9:55  Orbital Command  
  103  9:57  Marine  
  103  9:58  Marauder  
  103  9:59  Marauder  
  107  10:00  Marine  
  108  10:10  SCV  
  108  10:11  Marauder, Marine x2  
  107  10:19  Siege Tank, Marine x2  
  112  10:29  Marauder, Marine  
  115  10:38  Marine x2  
  115  10:39  Marine  
  115  10:40  Factory, Marine, Armory  
  115  10:42  Marine  
  120  10:47  Marine  
  120  10:51  Marauder  
  117  11:03  Siege Tank  
  117  11:04  Marauder x2, Marine x2  
  120  11:09  Medivac  
  120  11:11  Barracks  
  124  11:12  Barracks, Medivac  
  124  11:14  Marine  
  127  11:21  Marine  
  127  11:22  Marauder  
  127  11:23  Marine  
  127  11:25  Factory Tech Lab, Marine  
  134  11:26  Marauder  
  134  11:34  Marine  
  134  11:38  Terran Infantry Weapons Level 2, Medivac  
  134  11:39  Terran Vehicle Weapons Level 1  
  137  11:44  Siege Tank  
  137  11:45  Marine  
  141  11:48  Marine  
  141  11:49  Marauder  
  141  11:55  Marine x2, Siege Tank  
  141  11:59  Barracks Tech Lab  
  147  12:02  Barracks Reactor  
  147  12:03  Supply Depot  
  147  12:04  Supply Depot  
  146  12:10  Marine  
  149  12:19  Missile Turret  
  149  12:21  Missile Turret  
  149  12:22  Missile Turret, Marine x2  
  145  12:23  Marauder  
  145  12:26  Supply Depot  
  149  12:31  Siege Tank  
  149  12:34  Marine, Siege Tank  
  155  12:40  Marine  
  155  12:41  Marauder  
  155  12:42  Marine x2  
  160  12:46  Supply Depot  
  160  12:48  Marine x2  
  159  12:58  Marine  
  159  12:59  Marauder  
  159  13:01  Marine x2  
  159  13:02  Marauder x2  
  145  13:13  Marauder, Marine x2  
  145  13:19  Marine x2  
  142  13:20  Marauder  
  142  13:21  Marine  
  142  13:23  Marauder  
  147  13:28  Siege Tank  
  147  13:33  Marine  
  151  13:35  Marauder  
  151  13:37  Marine  
  151  13:39  Marine  
  155  13:47  Marauder, Marine x2  
  149  13:48  Marine  
  142  14:01  Marine  
  142  14:02  Marauder  
  144  14:14  Marine  
  145  14:22  Marine  
  142  14:33  Marine  
  143  14:38  Orbital Command  
  143  14:53  Medivac  
  135  15:09  Medivac  
  135  15:12  Marine  
  138  15:20  Missile Turret  
  136  15:27  Medivac  
  123  15:39  Medivac  
  125  15:57  Medivac  
  125  15:58  Siege Tank x2  
  132  16:04  Marine  
  133  16:14  Medivac  
  129  16:29  Medivac  
  129  16:30  Siege Tank x2  
  137  16:33  Marine x2  
  121  16:55  Marauder, Marine x2  
  121  16:56  Marauder  
  121  16:59  Marine x2  
  129  17:02  Siege Tank  
  132  17:16  Marauder, Marine x2  
  132  17:17  Marauder  
  132  17:18  Orbital Command  
  132  17:21  Siege Tank  
Tags
 
Add a new tag
Caveats
  • Supply blocks, unpowered buildings, or Contaminate may cause inaccurate times.
  • Supply counts are checked every 10 seconds.